 Dungeon Crawl Stone Soup version 0.19-a0-305-g4c536b9 (webtiles) character file.

1898 FitzyFitz the Jinx (level 9, -8/42 HPs)
             Began as a Vine Stalker Enchanter on May 27, 2016.
             Was a Follower of Hepliaklqana.
             Mangled by a spiny frog (23 damage)
             ... on level 1 of the Lair of Beasts.
             The game lasted 00:29:47 (6357 turns).

FitzyFitz the Jinx (Vine Stalker Enchanter)         Turns: 6357, Time: 00:29:48

Health: -8/42      AC:  8    Str: 11    XL:     9   Next: 15%
Magic:  0/16       EV: 12    Int: 18    God:    Hepliaklqana [*.....]
Gold:   365        SH:  0    Dex: 18    Spells: 7 memorised, 2 levels left

rFire  . . .     SeeInvis .     a - +1 dagger (elec)
rCold  + . .     Gourm    .     u - +1 robe
rNeg   . . .     Faith    .     (no shield)
rPois  .         Spirit   +     r - +2 helmet
rElec  .         Dismiss  .     D - +0 cloak
rCorr  .         Reflect  .     (no gloves)
SustAt .         Harm     .     (no boots)
MR     ++...     Rnd*Rage +     (no amulet)
Stlth  +++.......               p - +3 ring of dexterity
                                n - ring of protection from magic

@: very slightly contaminated, very resistant to hostile enchantments, fairly
stealthy
A: fangs 3, berserk 1, cold resistance 1, regeneration 2, shaggy fur 1, magic
shield, antimagic bite, no device heal 3, rot immunity
a: Recall Ancestor, Ancestor Identity, Renounce Religion


You were on level 1 of the Lair of Beasts.
You worshipped Hepliaklqana.
Hepliaklqana was aware of your devotion.
You were hungry.

You visited 3 branches of the dungeon, and saw 10 of its levels.

You collected 365 gold pieces.

Inventory:

Hand Weapons
 a - a +1 dagger of electrocution (weapon)
 b - a +1 short sword of protection
 y - a +0 hunting sling
 O - a +3 dagger of draining
Missiles
 h - 221 stones (quivered)
 o - 29 poisoned needles
 w - 40 sling bullets
 x - 2 throwing nets
 B - 2 needles of sleeping
 G - 5 javelins
Armour
 r - a +2 helmet (worn)
 u - a +1 robe (worn)
 D - a +0 cloak (worn)
Jewellery
 n - a ring of protection from magic (left hand)
 p - a +3 ring of dexterity (right hand)
Wands
 v - a wand of polymorph (4/24)
 A - a wand of digging (23/24)
 I - a wand of digging (16/24)
Scrolls
 f - 3 scrolls of remove curse
 i - 3 scrolls of fog
 j - 2 scrolls of enchant armour
 t - 6 scrolls of recharging
 E - a scroll of teleportation
 F - a scroll of identify
Potions
 g - a potion of lignification
 H - 2 potions of flight
 K - a potion of brilliance
 L - a potion of agility
Books
 c - a book of Maledictions

   Spells                             Type                      Level
   a - Corona                         Hexes                        1
   b - Ensorcelled Hibernation        Hexes/Ice                    2
   c - Confuse                        Hexes                        3
   d - Tukima's Dance                 Hexes                        3
   e - Dazzling Spray                 Conjuration/Hexes            3
 e - Kikubaaqudgha's Incunabulum of Sinister Magic
   (You found it on level 4 of the Dungeon)

   Spells                             Type                      Level
   a - Pain                           Necromancy                   1
 m - a book of Burglary

   Spells                             Type                      Level
   a - Swiftness                      Charms/Air                   2
   b - Passwall                       Transmutation/Earth          2
   c - Passage of Golubria            Translocation                4
   d - Lee's Rapid Deconstruction     Earth                        5
   e - Darkness                       Hexes                        6
   f - Invisibility                   Hexes                        6
 q - a book of Spatial Translocations

   Spells                             Type                      Level
   a - Apportation                    Translocation                1
   b - Blink                          Translocation                2
   c - Shroud of Golubria             Charms/Translocation         2
   d - Portal Projectile              Translocation                3
   e - Teleport Other                 Translocation                3
   f - Passage of Golubria            Translocation                4
Comestibles
 d - 6 bread rations
 k - 2 slices of pizza
 l - 5 meat rations
 z - a beef jerky
 M - 8 chunks of flesh
 P - a royal jelly


   Skills:
 + Level 1.7 Fighting
 + Level 4.3 Short Blades
 - Level 1.5 Dodging
 - Level 3.6 Stealth
 - Level 4.1 Spellcasting
 + Level 9.8 Hexes
 - Level 2.0 Translocations


You had 2 spell levels left.
You knew the following spells:

 Your Spells              Type           Power        Failure   Level  Hunger
a - Corona                Hex            #####..      1%          1    None
b - Ensorcelled Hibernat  Hex/Ice        ###...       3%          2    ##.....
c - Confuse               Hex            #####...     1%          3    ###....
d - Blink                 Tloc           N/A          12%         2    ##.....
e - Tukima's Dance        Hex            #####...     1%          3    ###....
f - Swiftness             Chrm/Air       #.......     21%         2    ##.....
g - Apportation           Tloc           ##........   8%          1    None


Dungeon Overview and Level Annotations

Branches:
Dungeon (8/15)             Temple (1/1) D:6            Lair (1/8) D:8

Altars:
Ashenzari
Cheibriados
Dithmenos
Elyvilon
Fedhas
Hepliaklqana
Kikubaaqudgha
Makhleb
Nemelex Xobeh
Okawaru
Pakellas
Qazlal
Ru
Sif Muna
Trog
Vehumet
Xom
Yredelemnul
Zin
The Shining One

Annotations:
D:3 richardnixon's ghost, amateur HaFi
D:7 Mekire's ghost, novice FoAK


Innate Abilities, Weirdness & Mutations

You have razor-sharp teeth.
You heal very quickly.
When hurt, damage is shared between your health and your magic reserves.
Your bite disrupts and absorbs the magic of your enemies.
Potions and wands cannot restore your health.
You are immune to rotting.
You tend to lose your temper in combat.
Your flesh is cold resistant. (rC+)
You are covered in fur. (AC +1)


Message History

Aim: a spiny frog (chance to defeat MR: 67%)
The spiny frog struggles to resist.
The spiny frog closely misses you.
Casting: Confuse
Confirm with . or Enter, or press ? or * to list all spells.
Aiming: Confuse
Press: ? - help, Shift-Dir - straight line, f/p - spiny frog
Aim: a spiny frog (chance to defeat MR: 67%)
The spiny frog struggles to resist.
The spiny frog stings you!!
You are poisoned.
The spiny frog poisons you!
Casting: Confuse
Confirm with . or Enter, or press ? or * to list all spells.
You don't have enough magic to cast that spell.
You feel sick.
Wystan hits the spiny frog!
The spiny frog stings you!
You are lethally poisoned!
The spiny frog poisons you!
Drink which item? (? for menu, Esc to quit)
You feel better.
Wystan hits the spiny frog.
The spiny frog stings you!!
Ouch! That really hurt!
You die...

***** *** ##### ###
******,*.###P###P..#########P####
,,,,,,,,.......F@................
,,,,,,,,.......R..###.P###P......
,,,,>,,,..........# #### #(.....$
,,,,,,,,..........#* #.......
,,,,,,,,...........* ##......
,*****,,.......♣..♣♣ #...... **
**,...####♣♣≈≈* #...... *,...*
*P.P♣ *#...... *,,,,* *≈,**
***...#.#)


You could see a spiny frog and the friendly Wystan the ancestor.

Vanquished Creatures
  A centaur zombie (D:8)
  A black bear (D:6)
  2 ogres (D:5)
  A centaur (D:5)
  A giant frog (D:7)
  2 scorpions
  2 giant frog zombies
  2 crimson imps
  An orc priest (D:8)
  5 jellies
  5 hounds
  6 orc wizards
  Crazy Yiuf (D:3)
  An iguana (D:5)
  3 worker ants
  A hound zombie (D:5)
  A hound skeleton (D:4)
  3 gnolls
  5 adders
  A shadow imp (D:7)
  An adder zombie (D:5)
  3 adder skeletons
  3 worms
  4 dart slugs
  5 giant geckos
  12 orcs
  4 bats
  4 giant cockroaches
  10 goblins
  8 hobgoblins
  9 jackals
  10 kobolds
  2 quokkas
  2 ball pythons
  A giant gecko zombie (D:6)
  6 giant newts
  A jackal skeleton (D:5)
  A quokka zombie (D:5)
  9 rats
140 creatures vanquished.

Vanquished Creatures (collateral kills)
  A hippogriff (Lair:1)
  A crimson imp (D:7)
  An orc wizard (D:7)
  A worker ant (D:7)
  An orc (D:7)
  A giant cockroach (D:7)
  A quokka (D:8)
7 creatures vanquished.

Grand Total: 147 creatures vanquished

Notes
Turn   | Place    | Note
--------------------------------------------------------------
     0 | D:1      | FitzyFitz the Vine Stalker Enchanter began the quest for the Orb.
     0 | D:1      | Reached XP level 1. HP: 9/9 MP: 4/4
    42 | D:1      | Reached skill level 1 in Short Blades
   119 | D:1      | Reached XP level 2. HP: 13/13 MP: 6/6
   365 | D:1      | Learned a level 2 spell: Ensorcelled Hibernation
   404 | D:1      | Reached XP level 3. HP: 16/16 MP: 3/7
   737 | D:1      | Learned a level 3 spell: Confuse
   786 | D:2      | Found a bloodstained altar of Trog.
  1173 | D:2      | Reached skill level 4 in Hexes
  1173 | D:2      | Reached XP level 4. HP: 11/21 MP: 0/8
  1795 | D:3      | Noticed richardnixon's ghost (amateur HaFi)
  1830 | D:3      | Reached XP level 5. HP: 22/24 MP: 6/9
  2102 | D:3      | Learned a level 2 spell: Blink
  2107 | D:3      | Noticed Crazy Yiuf
  2111 | D:3      | Killed Crazy Yiuf
  2287 | D:3      | Gained mutation: You tend to lose your temper in combat. [potion of mutation]
  2287 | D:3      | Gained mutation: Your flesh is cold resistant. (rC+) [potion of mutation]
  2287 | D:3      | Gained mutation: You are covered in fur. (AC +1) [potion of mutation]
  2477 | D:4      | Found a deep blue altar of Sif Muna.
  2477 | D:4      | Found an ancient bone altar of Kikubaaqudgha.
  2478 | D:4      | Reached skill level 5 in Hexes
  2478 | D:4      | Gained mutation: You heal very quickly. [Vine Stalker growth]
  2478 | D:4      | Reached XP level 6. HP: 28/28 MP: 10/10
  2480 | D:4      | Found a radiant altar of Vehumet.
  2484 | D:4      | Identified Kikubaaqudgha's Incunabulum of Sinister Magic
  2510 | D:4      | Found a white marble altar of Elyvilon.
  2684 | D:4      | Found a shattered altar of Ashenzari.
  3305 | D:5      | Entered Level 5 of the Dungeon
  3305 | D:5      | Found a shadowy altar of Dithmenos.
  3549 | D:5      | Reached XP level 7. HP: 32/32 MP: 6/12
  3789 | D:5      | Upgraded the game from 0.19-a0-283-g61a59a3 to 0.19-a0-305-g4c536b9
  3946 | D:5      | Reached skill level 6 in Hexes
  4438 | D:6      | Reached skill level 1 in Translocations
  4673 | D:6      | Gained mutation: You have razor-sharp teeth. [Vine Stalker growth]
  4673 | D:6      | Reached XP level 8. HP: 36/36 MP: 15/15
  4685 | D:6      | Learned a level 3 spell: Tukima's Dance
  4688 | D:6      | Learned a level 2 spell: Swiftness
  4690 | D:6      | Learned a level 1 spell: Apportation
  4736 | D:6      | Reached skill level 7 in Hexes
  5003 | D:6      | Found a glowing silver altar of Zin.
  5033 | D:6      | Found a staircase to the Ecumenical Temple.
  5063 | Temple   | Entered the Ecumenical Temple
  5130 | Temple   | Became a worshipper of Hepliaklqana
  5287 | D:6      | Found a snail-covered altar of Cheibriados.
  5368 | D:7      | Noticed Mekire's ghost (novice FoAK)
  5420 | D:7      | Found a sacrificial altar of Ru.
  5420 | D:7      | Found a shimmering altar of Xom.
  5491 | D:7      | Reached skill level 8 in Hexes
  5957 | D:8      | Found a stormy altar of Qazlal.
  6013 | D:8      | Reached skill level 9 in Hexes
  6100 | D:8      | Reached XP level 9. HP: 40/40 MP: 16/16
  6142 | D:8      | Reached skill level 1 in Fighting
  6145 | D:8      | Reached * piety under Hepliaklqana
  6313 | D:8      | Found a staircase to the Lair.
  6321 | Lair:1   | Entered Level 1 of the Lair of Beasts
  6350 | Lair:1   | Noticed a spiny frog
  6357 | Lair:1   | Mangled by a spiny frog

Vault maps used:
D:1:      nagdon_arrival_zigzag_paths
D:2:      bloody_trog
D:3:      uniq_crazy_yiuf_cottage
D:4:      grunt_temple_overflow_magic_moments, elyvilon_altar_1,
          old_standard_altar, first_bread
D:5:      lemuel_crystal_altar, minmay_hedge_maze
D:6:      slow_altar_2, zin_scriptorium, minmay_temple_entry_glass
D:7:      gammafunk_temple_overflow_elements, patterned_corridor
D:8:      grunt_qazlal_sundering, lemuel_coloured_pillars_altar, lair_0_dummy,
          uniq_maurice
Temple:   minmay_temple_bridge_d_8
Lair:1:   lab_entry_generic, serial_bayou_crossing, lemuel_fruit_tree,
          grunt_megastairs_3, uniq_gastronok

Skill      XL: |  1  2  3  4  5  6  7  8  9 |
---------------+----------------------------+-----
Short Blades   | 1 2 3 4 |  4.3
Hexes          | 4 5 6 9 |  9.8
Spellcasting   | 3 4 |  4.1
Translocations | 2 |  2.0
Fighting       | 1 |  1.7
Dodging        | |  1.5
Stealth        | |  3.6

Action                   |  1- 3 |  4- 6 |  7- 9 || total
-------------------------+-------+-------+-------++-------
Melee: Dagger            |   155 |    74 |   141 ||   370
       Bite              |    32 |    43 |    61 ||   136
       Short sword       |       |    94 |    62 ||   156
 Fire: Hunting sling     |       |       |    18 ||    18
Throw: Stone             |    12 |       |       ||    12
 Cast: Corona            |     4 |     1 |       ||     5
       Ensorcelled Hiber |    11 |     4 |       ||    15
       Confuse           |     1 |     9 |    19 ||    29
       Tukima's Dance    |       |       |     1 ||     1
Invok: Recall Ancestor   |       |       |     2 ||     2
Evoke: Wand              |       |       |     1 ||     1
  Use: Scroll            |       |     6 |     9 ||    15
       Potion            |       |     5 |     1 ||     6
 Stab: Sleeping          |     9 |     7 |    12 ||    28
       Distracted        |       |     2 |     2 ||     4
       Confused          |       |     2 |     7 ||     9
  Eat: Chunk             |     2 |     9 |    12 ||    23
Armor: Robe              |    47 |    58 |    74 ||   179
       Skin              |       |     6 |       ||     6
Dodge: Dodged            |   107 |    80 |    96 ||   283
